 Dungeon Crawl Stone Soup version 0.22-a0-159-g7ce444f (webtiles) character file.

215 KristoblXynda the Sneak (level 5, -2/21 HPs)
             Began as a Spriggan Enchanter on Feb 9, 2018.
             Slain by an adder (5 damage)
             ... on level 4 of the Dungeon.
             The game lasted 00:08:36 (3511 turns).

KristoblXynda the Sneak (Spriggan Enchanter)        Turns: 3511, Time: 00:08:37

Health: -2/21      AC:  2    Str:  5    XL:     5   Next: 60%
Magic:  7/13       EV: 18    Int: 16    God:
Gold:   64         SH:  0    Dex: 17    Spells: 7/13 levels left

rFire    . . .     SeeInvis +   a - +2 dagger (freeze)
rCold    + . .     Gourm    .   (shield restricted)
rNeg     . . .     Faith    .   b - +0 robe
rPois    .         Spirit   .   (helmet restricted)
rElec    .         Reflect  .   (no cloak)
rCorr    .         Harm     .   (gloves unavailable)
MR       .....     Rnd*Tele +   (boots unavailable)
Stlth    ++++......             (no amulet)
HPRegen  0.07/turn              m - ring of protection from cold
MPRegen  0.13/turn              p - ring of teleportation (curse)

@: very quick
A: very small, unfitting armour, horns 1, see invisible, herbivore, speed 3,
frail 1, slow metabolism 2
a: no special abilities


You were on level 4 of the Dungeon.
You were not hungry.

You visited 1 branch of the dungeon, and saw 4 of its levels.

You collected 64 gold pieces.

Inventory:

Hand Weapons
 a - a +2 dagger of freezing (weapon)
 l - a +1 dagger of draining
Missiles
 i - 2 throwing nets (quivered)
Armour
 b - a +0 robe (worn)
Jewellery
 m - a ring of protection from cold (left hand)
 n - an uncursed ring of flight {unknown}
 p - a cursed ring of teleportation (right hand)
Wands
 u - a wand of iceblast (4)
Scrolls
 g - 2 scrolls of magic mapping
 r - 5 scrolls of teleportation
Potions
 e - a potion of invisibility {unknown}
 f - a potion of lignification
 h - a potion of degeneration {unknown}
 j - a potion of magic {unknown}
 k - 2 potions of flight {unknown}
 q - a potion of berserk rage {unknown}
Books
 c - a book of Maledictions

   Spells                             Type                      Level
   a - Corona                         Hexes                        1
   b - Ensorcelled Hibernation        Hexes/Ice                    2
   c - Confuse                        Hexes                        3
   d - Tukima's Dance                 Hexes                        3
   e - Dazzling Spray                 Conjuration/Hexes            3
Comestibles
 d - 5 rations


   Skills:
 - Level 1.1 Short Blades
 - Level 3.0 Dodging
 + Level 6.7 Stealth
 + Level 4.7 Spellcasting
 + Level 5.3 Hexes


You had 7 spell levels left.
You knew the following spells:

 Your Spells              Type           Power        Failure   Level  Hunger
a - Corona                Hex            ###....      1%          1    None
b - Ensorcelled Hibernat  Hex/Ice        ##....       8%          2    ##.....
c - Confuse               Hex            ###.....     5%          3    ###....


Dungeon Overview and Level Annotations

Branches:
Dungeon (4/15)
 Temple: D:4-7

Altars:
Cheibriados
Kikubaaqudgha
Trog
Uskayaw
Wu Jian
Xom


Innate Abilities, Weirdness & Mutations

You are very small and have problems with some larger weapons.
You are too small for most types of armour.
You have supernaturally acute eyesight. (SInv)
You are a herbivore.
You cover ground extremely quickly.
You need consume almost no food.
You have a pair of small horns on your head.
You are frail. (-10% HP)


Message History

The orc completely misses you. The orc barely misses you.
Casting: Ensorcelled Hibernation (safe; 8% risk of failure)
Confirm with . or Enter, or press ? or * to list all spells.
Aiming: Ensorcelled Hibernation (safe; 8% risk of failure)
Press: ? - help, Shift-Dir - straight line, f/p - orc
Aim: an orc (chance to defeat MR: 61%)
The orc resists with significant effort.
The worker ant twitches its antennae in your direction.
The orc hits you. The orc barely misses you. The orc hits you. x2
* * * LOW HITPOINT WARNING * * *
You closely miss the orc. The orc closely misses you. x2
The orc barely misses you. The orc completely misses you.
You hit the orc. You freeze the orc.
The orc is heavily wounded.
The orc hits you.
* * * LOW HITPOINT WARNING * * *
You hit the orc. You freeze the orc.
You kill the orc!
You hit the adder but do no damage. The adder bites you.
You die...

##........
##........
......... .......
## #..... .# #...#
.## . ...##.a.##
..##...
#.......####.....#
##...).oaoS@....#
##.....o.#####.#
##......#
#.......#
#.#..##... #....#
##.. ###..# ###
####


You could see a worker ant, an adder and 3 orcs.

Vanquished Creatures
  An orc wizard (D:4)
  A hound skeleton (D:3)
  Robin (D:3)
  4 gnolls (D:3)
  3 adders (D:3)
  2 worms
  2 dart slugs
  A leopard gecko (D:3)
  2 orcs
  10 bats
  4 giant cockroaches
  16 goblins
  9 hobgoblins
  12 jackals
  A quokka (D:2)
  3 frilled lizards
  4 kobolds
  3 rats
79 creatures vanquished.

Vanquished Creatures (others)
  4 toadstools (D:1)
4 creatures vanquished.

Grand Total: 83 creatures vanquished

Notes
Turn   | Place    | Note
-------+----------+-------------------------------------------
     0 | D:1      | KristoblXynda the Spriggan Enchanter began the quest for the Orb.
     0 | D:1      | Reached XP level 1. HP: 9/9 MP: 5/5
   105 | D:1      | Reached XP level 2. HP: 6/13 MP: 7/7
   186 | D:1      | Learned a level 2 spell: Ensorcelled Hibernation
   471 | D:1      | Reached skill level 5 in Stealth
   857 | D:1      | Reached XP level 3. HP: 15/16 MP: 6/8
   862 | D:1      | Learned a level 3 spell: Confuse
  1066 | D:2      | Found a snail-covered altar of Cheibriados.
  1165 | D:2      | Found an ornate altar of the Wu Jian Council.
  1682 | D:2      | Found a shimmering altar of Xom.
  1800 | D:2      | Found a hide-covered altar of Uskayaw.
  2074 | D:3      | Reached XP level 4. HP: 6/21 MP: 10/10
  2296 | D:3      | Noticed Robin
  2320 | D:3      | Found a bloodstained altar of Trog.
  2408 | D:3      | Gained mutation: You are resistant to hostile enchantments. (MR+) [potion of mutation]
  2408 | D:3      | Gained mutation: You are clumsy. (Dex -2) [potion of mutation]
  2408 | D:3      | Gained mutation: You are partially covered in slimy green scales. (AC +2) [potion of mutation]
  2434 | D:3      | Killed Robin
  2434 | D:3      | Reached skill level 6 in Stealth
  2600 | D:3      | Reached XP level 5. HP: 24/24 MP: 7/12
  2605 | D:3      | Reached skill level 5 in Hexes
  2817 | D:3      | Found an ancient bone altar of Kikubaaqudgha.
  3178 | D:3      | Lost mutation: You are resistant to hostile enchantments. (MR+) [potion of mutation]
  3178 | D:3      | Lost mutation: You are clumsy. (Dex -2) [potion of mutation]
  3178 | D:3      | Gained mutation: You expend magic power (3 MP) to strengthen your wands. [potion of mutation]
  3178 | D:3      | Gained mutation: You have large cloven feet. [potion of mutation]
  3179 | D:3      | Lost mutation: You expend magic power (3 MP) to strengthen your wands. [potion of mutation]
  3179 | D:3      | Lost mutation: You are partially covered in slimy green scales. (AC +2) [potion of mutation]
  3179 | D:3      | Lost mutation: You have large cloven feet. [potion of mutation]
  3179 | D:3      | Gained mutation: You are frail. (-10% HP) [potion of mutation]
  3179 | D:3      | Gained mutation: You have a pair of small horns on your head. [potion of mutation]
  3511 | D:4      | Slain by an adder

Vault maps used:
D:1:      ldierk_walled_garden_2, palyth_stone_intersect
D:2:      xom_butterflies, eat_drink_and_be_merry_uskayaw, lemuel_round_altar,
          lemuel_round_altar
D:3:      old_standard_altar, lemuel_coloured_pillars_altar, item_on_display_a,
          uniq_robin

Skill      XL: |  1  2  3  4  5 |
---------------+----------------+-----
Spellcasting   | 3 4 |  4.7
Hexes          | 4 5 |  5.3
Stealth        | 5 6 |  6.7
Short Blades   | |  1.1
Dodging        | |  3.0

Action                   |  1- 3 |  4- 6 || total
-------------------------+-------+-------++-------
Melee: Dagger            |   139 |    98 ||   237
       Headbutt          |       |     1 ||     1
 Cast: Ensorcelled Hiber |    18 |    17 ||    35
       Confuse           |     1 |       ||     1
  Use: Scroll            |     1 |     3 ||     4
       Potion            |       |     7 ||     7
 Stab: Sleeping          |    16 |    17 ||    33
       Distracted        |     1 |     1 ||     2
  Eat: Ration            |       |     1 ||     1
Armor: Robe              |    12 |     5 ||    17
       Skin              |       |    27 ||    27
Dodge: Dodged            |   100 |    97 ||   197

Table legend:
 A = Spawn XP
 B = Non-spawn XP
 C = Spawn XP percentage of total XP
 D = Spawn monster count
 E = Non-spawn monster count
 F = Spawn count percentage of total count
 G = Total turns spent on level
                    A         B        C        D         E        F      G
               +---------+---------+-------+---------+---------+-------+---------
         Total |       0 |     308 |   0.0 |       0 |      79 |   0.0 |  3511
               +---------+---------+-------+---------+---------+-------+---------
           D:1 |       0 |      43 |   0.0 |       0 |      23 |   0.0 |  1053
           D:2 |       0 |      36 |   0.0 |       0 |      17 |   0.0 |   946
           D:3 |       0 |     177 |   0.0 |       0 |      34 |   0.0 |  1246
           D:4 |       0 |      52 |   0.0 |       0 |       5 |   0.0 |   266
               +---------+---------+-------+---------+---------+-------+---------
